 Dungeon Crawl Stone Soup version 0.21-a0-271-ge7f0487 (webtiles) character file.

158 Chiseanne the Ducker (level 5, 0/50 HPs)
             Began as a Troll Wanderer on Sept 15, 2017.
             Slain by a sky beast (5 damage)
             ... on level 3 of the Dungeon.
             The game lasted 00:05:29 (2136 turns).

Chiseanne the Ducker (Troll Wanderer)               Turns: 2136, Time: 00:05:30

Health: 0/50       AC:  6    Str: 18    XL:     5   Next: 16%
Magic:  7/7        EV: 10    Int: 11    God:
Gold:   115        SH:  0    Dex:  9    Spells: 7/8 levels left

rFire    . . .     SeeInvis .     - Unarmed
rCold    . . .     Gourm    +   (no shield)
rNeg     . . .     Faith    .   c - +1 robe
rPois    .         Spirit   .   (helmet restricted)
rElec    .         Reflect  .   (no cloak)
rCorr    .         Harm     .   (gloves unavailable)
MR       .....                  (boots unavailable)
Stlth    +.........             (no amulet)
HPRegen  0.56/turn              (no ring)
MPRegen  0.10/turn              (no ring)

@: no status effects
A: unfitting armour, claws 3, fast metabolism 3, gourmand, regeneration 1,
shaggy fur 1, tough skin 2
a: no special abilities


You were on level 3 of the Dungeon.
You were very full.

You visited 1 branch of the dungeon, and saw 3 of its levels.

You collected 115 gold pieces.

Inventory:

Hand Weapons
 e - a +0 dagger
 j - a +0 mace
 q - a +3 whip of draining
Missiles
 h - 219 stones (quivered)
 i - 10 poisoned needles
 p - 27 arrows
 t - 38 bolts
 v - 5 tomahawks
Armour
 c - a +1 robe (worn)
Scrolls
 k - 2 scrolls of teleportation
 u - a scroll of enchant weapon {unknown}
Potions
 g - a potion of brilliance {unknown}
 l - 2 potions of curing {unknown}
 n - a potion of haste {unknown}
 o - 2 potions of agility
 s - a potion of cancellation {unknown}
Books
 a - a Young Poisoner's Handbook

   Spells                             Type                      Level
   a - Sting                          Conjuration/Poison           1
   b - Poisonous Vapours              Poison/Air                   2
   c - Mephitic Cloud                 Conjuration/Poison/Air       3
   d - Olgreb's Toxic Radiance        Poison                       4
   e - Venom Bolt                     Conjuration/Poison           5
 b - the Compendium of the Frostbite

   Spells                             Type                      Level
   a - Freeze                         Ice                          1
   b - Ozocubu's Armour               Charms/Ice                   3
Comestibles
 d - 2 meat rations
 f - 5 bread rations
 m - 3 chunks of flesh
 r - 11 fruits


   Skills:
 * Level 2.4 Fighting
 - Level 1.0 Throwing
 * Level 3.0 Dodging
 - Level 1.0 Stealth
 * Level 1.7 Unarmed Combat
 - Level 2.0 Spellcasting
 - Level 1.0 Conjurations
 - Level 1.0 Poison Magic


You had 7 spell levels left.
You knew the following spells:

 Your Spells              Type           Power        Failure   Level  Hunger
a - Sting                 Conj/Pois      #...         19%         1    ##.....


Dungeon Overview and Level Annotations

Branches:
Dungeon (3/15)

Altars:
Ashenzari
Cheibriados
Ru
Sif Muna
Zin
The Shining One


Innate Abilities, Weirdness & Mutations

You are too large for most types of armour.
You have claws for hands.
Your metabolism is lightning-fast.
You like to eat raw meat.
Your natural rate of healing is unusually fast.
You are covered in fur. (AC +1)
You have very tough skin. (AC +2)


Message History

The sky beast flickers out of sight!
Deactivating autopickup; reactivate with Ctrl-A.
Something hits you but does no damage.
A sky beast appears from thin air!
Reactivating autopickup.
You closely miss the sky beast.
The sky beast is heavily wounded.
The sky beast hits you but does no damage.
You scratch the sky beast.
The sky beast is heavily wounded.
The sky beast hits you.
* * * LOW HITPOINT WARNING * * *
The sky beast shocks you.
* * * LOW HITPOINT WARNING * * *
You claw the sky beast!
The sky beast is severely wounded.
The sky beast hits you.
* * * LOW HITPOINT WARNING * * *
The sky beast shocks you.
You die...

#..#.......#................##.##
#..........#......#............[
##..............####.........#.##
............#...#...............#
#........................#)......
#.............##.........#.......
#..÷..........###........#.[....#
............#...#...............#
................@Y.......#......#
#....<......####..........≈..<..#
..#........## #.........#.....).
#.##......## ##............##.#
.. #####...######........###....#
#. #.#...##......#.### #....# ..
#.###.#.......#.#####....# #.
#..##.#.......>.#...#..... ..
##........................


You could see a sky beast.

Vanquished Creatures
  An orc wizard (D:3)
  3 gnolls (D:2)
  2 adders
  An ooze (D:3)
  4 worms (D:2)
  2 leopard geckos (D:2)
  3 orcs (D:3)
  A ball python (D:1)
  5 bats
  3 giant cockroaches
  12 goblins
  4 hobgoblins
  4 jackals (D:2)
  2 frilled lizards
  6 kobolds
  8 rats
61 creatures vanquished.

Notes
Turn   | Place    | Note
-------+----------+-------------------------------------------
     0 | D:1      | Chiseanne the Troll Wanderer began the quest for the Orb.
     0 | D:1      | Chiseanne set off with: a Young Poisoner's Handbook, the Compendium of the Frostbite, a +0 robe, a +0 club, a +0 dagger, 2 bread rations
     0 | D:1      | Reached XP level 1. HP: 16/16 MP: 2/2
     2 | D:1      | Identified the Compendium of the Frostbite
     4 | D:1      | Learned a level 1 spell: Sting
   251 | D:1      | Reached XP level 2. HP: 24/26 MP: 4/4
   294 | D:1      | Reached skill level 2 in Dodging
   295 | D:1      | Reached skill level 1 in Fighting
   741 | D:2      | Reached XP level 3. HP: 22/33 MP: 5/5
   957 | D:2      | Found a glowing golden altar of the Shining One.
   957 | D:2      | Found a snail-covered altar of Cheibriados.
   957 | D:2      | Found a sacrificial altar of Ru.
  1131 | D:2      | Found a glowing silver altar of Zin.
  1451 | D:2      | Found a deep blue altar of Sif Muna.
  1642 | D:2      | Reached XP level 4. HP: 10/42 MP: 6/6
  1666 | D:2      | Reached skill level 1 in Unarmed Combat
  1944 | D:3      | Reached skill level 3 in Dodging
  1944 | D:3      | Reached XP level 5. HP: 44/50 MP: 7/7
  2068 | D:3      | Found a shattered altar of Ashenzari.
  2072 | D:3      | Noticed a sky beast
  2136 | D:3      | Slain by a sky beast

Vault maps used:
D:1:      nzn_arrival_water_spiral
D:2:      lemuel_doored_altar, grunt_temple_overflow_open, first_bread,
          grunt_decor_one_mirror, lemuel_blue_sif_altar
D:3:      grunt_temple_overflow_lords_of_destruction,
          lemuel_coloured_pillars_altar, roderic_three_in_a_row,
          ashenzari_altar_1

Skill      XL: |  1  2  3  4 |
---------------+-------------+-----
Dodging        | 2 3 |  3.0
Fighting       | 1 2 |  2.4
Unarmed Combat | 1 |  1.7
Throwing       | |  1.0
Stealth        | |  1.0
Spellcasting   | |  2.0
Conjurations   | |  1.0
Poison Magic   | |  1.0

Action                   |  1- 3 |  4- 6 || total
-------------------------+-------+-------++-------
Melee: Unarmed           |   167 |    93 ||   260
       Punch             |       |     2 ||     2
  Use: Scroll            |     5 |       ||     5
       Potion            |     1 |       ||     1
  Eat: Chunk             |    21 |     4 ||    25
Armor: Robe              |   107 |    44 ||   151
Dodge: Dodged            |   125 |    47 ||   172

Table legend:
 A = Spawn XP
 B = Non-spawn XP
 C = Spawn XP percentage of total XP
 D = Spawn monster count
 E = Non-spawn monster count
 F = Spawn count percentage of total count
 G = Total turns spent on level
                    A         B        C        D         E        F      G
               +---------+---------+-------+---------+---------+-------+---------
         Total |       0 |     227 |   0.0 |       0 |      61 |   0.0 |  2136
               +---------+---------+-------+---------+---------+-------+---------
           D:1 |       0 |      32 |   0.0 |       0 |      22 |   0.0 |   729
           D:2 |       0 |     109 |   0.0 |       0 |      24 |   0.0 |  1039
           D:3 |       0 |      86 |   0.0 |       0 |      15 |   0.0 |   368
               +---------+---------+-------+---------+---------+-------+---------
